cohdb
Replays
Latest Replays
All Replays
Popular Replays
Top Player Replays
Match Explorer
How It Works
Community
CoH3 Stats
Reddit
Sign in to upload your games and track your stats! →
Sign in with Steam
Match 41636619
Unlisted
Match 41636619
Overview
Messages
Build Orders
End
Panzerpioneer Squad
Kradschützen Motorcycle Team
Panzergrenadier Squad
Construct Light Support Kompanie
Panzerjäger Squad
250 Light Carrier
MG34 Team
Panzerpioneer Squad
Fire Support Elements
Pak 38 Mechanized Group
Selects Armored Support Battlegroup
Selects Salvage Kits
Flakvierling Half-track
Panzerpioneer Squad
Selects Superior Fire Drills
Vehicle Survival Package
Selects Flammpanzer III Medium Tank
Flammpanzer III Medium Tank
Panzerjäger Squad
2.5-tonne Medical Truck
Selects Panzer Storm
Construct Panzerarmee Kommand
Combat Half-tracks
Rapid Advance
Panzer III L Medium Tank
Selects Stuka Anti-tank Loiter
Panzer III L Medium Tank
Stuka Anti-tank Loiter
Panzer III L Medium Tank
Emergency Repair Kits
Selects Battlefield Salvage
Panzer Storm
只愛❤毛妹
Riflespam
0
0
Comments
sign in to comment!
No comments posted yet!